 Dungeon Crawl Stone Soup version 0.31-a0-271-gb88eb75e06 (webtiles) character file.

Game seed: 1853407304922702253

5906 HallandMoats the Fighter (level 10, -3/129 HPs)
             Began as a Demonspawn Fighter on July 15, 2023.
             Was a Believer of Qazlal.
             Slain by a troll (14 damage)
             ... on level 9 of the Dungeon.
             The game lasted 00:14:34 (7855 turns).

HallandMoats the Fighter (Demonspawn Fighter)       Turns: 7855, Time: 00:14:35

Health: -3/129     AC: 13    Str: 20    XL:     10   Next: 53%
Magic:  15/15      EV:  9    Int:  8    God:    Qazlal [**....]
Gold:   552        SH:  8    Dex: 12    Spells: 9/9 levels left

rFire   + . .        b - +1 war axe
rCold   . . .        c - +0 buckler
rNeg    . . .        K - +1 scale mail {rF+}
rPois   +            f - +0 helmet
rElec   .            k - +1 cloak {rPois}
rCorr   .            (no gloves)
SInv    .            u - +0 pair of boots
Will    +++..        G - necklace of Bloodlust {Fury *Rage Will++ Int-3 Slay+6} Stlth
                     w - ring of willpower
HPRegen 0.41/turn    (no ring)
MPRegen 0.14/turn

%: random rage (50%)
@: berserking, lethally poisoned (-3 -> -6), slowed
A: spiny 1, sharp scales 1, demonic touch 2
a: Renounce Religion, Upheaval


You were on level 9 of the Dungeon.
You worshipped Qazlal.
Qazlal was pleased with you.
You visited 2 branches of the dungeon, and saw 10 of its levels.

You collected 552 gold pieces.

Inventory:

Hand Weapons
 a - the +8 falchion of Contention {flame, rElec Int-5 Stlth+}
   (You found it on level 2 of the Dungeon)

   Int:       It affects your intelligence (-5).
   rElec:     It insulates you from electricity.
   Stlth:     It makes you more stealthy.
 b - a +1 war axe (weapon)
Missiles
 A - a throwing net
Armour
 c - a +0 buckler (worn)
 f - a +0 helmet (worn)
 k - a +1 cloak of poison resistance (worn)
 u - a +0 pair of boots (worn)
 K - a +1 scale mail of fire resistance (worn)
Jewellery
 w - a ring of willpower (left hand)
 B - an amulet of guardian spirit
 G - the necklace of Bloodlust (around neck) {Fury *Rage Will++ Int-3 Slay+6}
   (You found it on level 7 of the Dungeon)

   [amulet of nothing]

   Fury:      It extends the wearer's berserk rage when killing foes.
   Int:       It affects your intelligence (-3).
   Slay:      It affects your accuracy & damage with ranged weapons and melee
   (+6).
   *Rage:     It berserks you when you make melee attacks (+50% chance).
   Will:      It greatly increases your willpower.
Wands
 n - a wand of light (10)
 t - a wand of flame (14)
 C - a wand of digging (3)
Scrolls
 e - 5 scrolls of revelation
 g - 3 scrolls of teleportation
 h - a scroll of fog
 l - 2 scrolls of identify
 m - a scroll of amnesia
 o - 3 scrolls of blinking
 p - a scroll of summoning
 s - a scroll of poison
 v - a scroll of enchant armour
 x - 3 scrolls of immolation
 y - a scroll of fear
 D - a scroll of torment
 E - a scroll of enchant weapon
 H - a scroll of silence {unknown}
Potions
 i - 3 potions of heal wounds
 j - 3 potions of berserk rage {unknown}
 q - a potion of lignification {unknown}
 r - 3 potions of mutation
 z - 3 potions of curing
 F - a potion of haste
 I - a potion of invisibility {unknown}
 J - 2 potions of enlightenment {unknown}


   Skills:
 * Level 10.6 Fighting
 * Level 9.4 Axes
 - Level 2.6 Armour
 - Level 4.3 Shields
 + Level 7.7 Invocations


You had 9 spell levels left.
You didn't know any spells.
Your spell library contained the following spells:

 Spells                   Type           Power      Damage    Failure   Level
 Necrotise                Necr           0%         1d4       83%         1
 Ensorcelled Hibernation  Hex/Ice        0%         N/A       93%         2
 Vampiric Draining        Necr           0%         2d6       99%         3
 Anguish                  Hex/Necr       0%         N/A       100%        4
 Agony                    Necr           0%         N/A       100%        5


Dungeon Overview and Level Annotations

Branches:
Dungeon (9/15)             Temple (1/1) D:5
   Lair: D:8-11         Orc: D:9-12

Altars:
Cheibriados
Dithmenos
Fedhas
Gozag
Hepliaklqana
Kikubaaqudgha
Makhleb
Nemelex Xobeh
Okawaru
Qazlal
Ru
Sif Muna
Trog
Uskayaw
Vehumet
Wu Jian
Xom
Yredelemnul

Annotations:
D:4 3 runed translucent doors, hgbash's ghost, amateur GrEE
D:7 2 transporters, exclusion: ice statue, roninjake's ghost, novice MiFi


Innate Abilities, Weirdness & Mutations

You are partially covered in sharp spines.
You are partially covered in razor-sharp scales. (AC +1, Slay +1)
Your touch may inflict irresistible damage on your foes.


Message History

Qazlal accepts your kill.
You feel a bit more experienced.
A shadow comes into view.
The orc wizard gestures at you while chanting.
Deactivating autopickup; reactivate with Ctrl-A.
You slice something!! Qazlal accepts your kill.
Reactivating autopickup.
You feel a bit more experienced.
You hit the howler monkey.
You feel sick.
The howler monkey hoots and howls with incredible vigour!
You hear a shout!
You hear a bellow! x3
You slash the howler monkey!
The howler monkey is almost dead.
You feel sick.
The howler monkey is struck by your spines.
You kill the howler monkey!
Qazlal accepts your kill.
You are too berserk!
Unknown command.
You feel sick. The wraith hits you.
* * * LOW HITPOINT WARNING * * *
The wraith drains your vigour!
You feel yourself slow down. The troll is struck by your spines.
The troll bites you!
* * * LOW HITPOINT WARNING * * *
The troll barely misses you. You block the troll's attack.
Things that are here:
a +0 dagger of distortion; a +0 robe; a howler monkey corpse You completely miss the troll.
The troll is lightly wounded.
You hit the yak. You hit the wraith.
You feel sick. You block the yak's attack. The troll is struck by your spines.
The troll barely misses you. The troll claws you but does no damage.
You block the troll's attack. The wraith hits you but does no damage.
Unknown command.
You slash the troll!
The troll is heavily wounded.
You hit the wraith but do no damage. You hit the yak.
You feel sick.
The yak is engulfed in blazing flames.
You block the yak's attack. The troll bites you!
You die...

#.## #.#
.# #.#
... #.#
..# #.#
#.##
####
####...#
#.
#WY..#
#.
#@To##
#.
#†)W.#
#.
#.##...#
## #.##
.## #
#..## .#
# ##..#
.. #
##.# # #
#.##
#..##
########


You could see a yak, a troll, a wraith, a shadow and an orc wizard.

Vanquished Creatures
  A two-headed ogre (D:6)
  Joseph (D:8)
  A hornet (D:8)
  Grinder (D:3)
  Sigmund (D:3)
  A vampire (D:9)
  An acid dragon (D:9)
  3 water moccasins
  3 orc warriors (D:8)
  2 black bears
  2 ice beasts
  5 ogres
  2 centaurs
  2 phantoms (D:5)
  4 kobold brigands
  4 bullfrogs
  A gnoll sergeant (D:6)
  7 scorpions
  7 wights (D:7)
  4 killer bees (D:8)
  An electric eel (D:9)
  2 howler monkeys
  3 jellies
  3 hounds
  3 orc priests
  A gnoll bouda (D:9)
  Crazy Yiuf (D:2)
  3 iguanas
  A sleepcap (D:6)
  Terence (D:2)
  3 orc wizards
  A hound zombie (D:4)
  A howler monkey zombie (D:4)
  Robin (D:2)
  7 adders
  11 gnolls
  2 white imps
  2 dart slugs
  15 orcs
  9 ball pythons
  2 bats (D:1)
  5 endoplasms
  2 giant cockroaches (D:2)
  19 goblins
  14 hobgoblins
  6 jackals
  21 kobolds
  6 quokkas
  3 frilled lizards
  5 rats
207 creatures vanquished.

Vanquished Creatures (others)
  A ball python (D:2)
1 creature vanquished.

Grand Total: 208 creatures vanquished

Notes
Turn   | Place    | Note
-------+----------+-------------------------------------------
     0 | D:1      | HallandMoats the Demonspawn Fighter began the quest for the
                  | Orb.
     0 | D:1      | Reached XP level 1. HP: 18/18 MP: 1/1
    57 | D:1      | Gained mutation: You are partially covered in razor-sharp
                  | scales. (AC +1, Slay +1) [demonic ancestry]
    57 | D:1      | Reached XP level 2. HP: 24/24 MP: 2/2
   728 | D:2      | Reached XP level 3. HP: 29/29 MP: 3/3
   761 | D:2      | Gained mutation: Your touch may inflict minor irresistible
                  | damage on your foes. [demonic ancestry]
   761 | D:2      | Reached XP level 4. HP: 33/37 MP: 4/4
   764 | D:2      | Noticed Robin
   774 | D:2      | Reached skill level 4 in Fighting
   789 | D:2      | HP: 1/37 [ball python (2)]
   802 | D:2      | Killed Robin
  1073 | D:2      | Found a faded altar of an unknown god.
  1279 | D:2      | Reached XP level 5. HP: 40/42 MP: 5/5
  1285 | D:2      | Identified the +8 falchion of Contention {flame, rElec
                  | Int-5 Stlth+}
  1650 | D:2      | Found a runed translucent door.
  1651 | D:2      | Noticed Crazy Yiuf
  1901 | D:2      | Killed Crazy Yiuf
  2021 | D:3      | Noticed Terence
  2089 | D:2      | Killed Terence
  2186 | D:3      | Reached XP level 6. HP: 47/50 MP: 6/6
  2209 | D:3      | Noticed Grinder
  2213 | D:3      | Paralysed by Grinder for 2 turns
  2222 | D:3      | Killed Grinder
  2223 | D:3      | Reached skill level 5 in Fighting
  2383 | D:3      | Noticed Sigmund
  2402 | D:3      | Killed Sigmund
  2403 | D:3      | Gained mutation: Your touch may inflict irresistible damage
                  | on your foes. [demonic ancestry]
  2403 | D:3      | Reached XP level 7. HP: 34/57 MP: 7/7
  3025 | D:4      | Reached skill level 6 in Fighting
  3329 | D:4      | Found an opulent altar of Gozag.
  3343 | D:4      | Found a runed translucent gate.
  3343 | D:4      | Found a runed translucent gate.
  3343 | D:4      | Found a runed translucent gate.
  3343 | D:4      | Noticed hgbash's ghost (amateur GrEE)
  3345 | D:4      | Found a basalt altar of Yredelemnul.
  3351 | D:4      | Reached skill level 5 in Axes
  3695 | D:5      | Entered Level 5 of the Dungeon
  3719 | D:5      | Found a staircase to the Ecumenical Temple.
  3738 | Temple   | Entered the Ecumenical Temple
  3795 | Temple   | Became a worshipper of Qazlal Stormbringer
  3854 | D:5      | Reached skill level 1 in Invocations
  3950 | D:5      | Gained mutation: You are partially covered in sharp spines.
                  | [demonic ancestry]
  3950 | D:5      | Reached XP level 8. HP: 61/65 MP: 9/9
  4100 | D:5      | Reached skill level 7 in Fighting
  4842 | D:6      | Reached * piety under Qazlal
  4853 | D:6      | Reached skill level 8 in Fighting
  4871 | D:6      | Reached XP level 9. HP: 68/74 MP: 12/12
  5082 | D:6      | Reached skill level 5 in Invocations
  5259 | D:6      | Noticed a two-headed ogre
  5267 | D:6      | Killed a two-headed ogre
  5268 | D:6      | Reached skill level 9 in Fighting
  5771 | D:7      | Found a transporter.
  5774 | D:7      | Noticed roninjake's ghost (novice MiFi)
  5841 | D:7      | Found the necklace of Bloodlust {Fury *Rage Will++ Int-3
                  | Slay+6}
  5937 | D:7      | Reached ** piety under Qazlal
  6056 | D:7      | Reached XP level 10. HP: 48/76 MP: 8/15
  6202 | D:7      | Found a transporter.
  6207 | D:7      | Noticed an ice statue
  6405 | D:8      | You fall into a shaft and drop 1 floor!
  6710 | D:8      | Reached skill level 10 in Fighting
  7097 | D:8      | Found a shimmering blue altar of Sif Muna.
  7127 | D:8      | Found a hide-covered altar of Uskayaw.
  7532 | D:8      | Noticed Joseph
  7544 | D:8      | Killed Joseph
  7855 | D:9      | Slain by a troll

Illustrated notes

Levels and vault maps discovered:
D:1:      lightli_arrival_maybe_door_vault, layout_rooms
D:2:      layout_loops_corners, nicolae_ecumenical_snake_handling,
          serial_bayou_pond_c, uniq_crazy_yiuf_cottage, uniq_robin
D:3:      layout_rooms, kennysheep_small_spiral, grunt_ministairs_15,
          uniq_grinder, uniq_sigmund, uniq_terence
D:4:      layout_loops_ring, kennysheep_mini, nicolae_yredelemnul_ghost_church
D:5:      nicolae_cairo_tiling_very_big, layout_cave_pods,
          minmay_temple_entry_junction, grunt_ministairs_4
D:6:      minmay_opposing_rooms, layout_cave_pools
D:7:      layout_basic, nzn_ghost_randoct
D:8:      layout_rooms, grunt_temple_overflow_open, nicolae_elevator_lobby_plus,
          uniq_joseph
D:9:      layout_basic, nicolae_elyvilon_temple_path,
          hangedman_abyss_or_decor_stagger, kb_lookout_dungeons_type,
          kennysheep_kite_vault
Temple:   nicolae_temple_x_marks_the_god

Skill      XL: |  1  2  3  4  5  6  7  8  9 10 |
---------------+-------------------------------+-----
Axes           | 2 3 4 5 7 8 9 |  9.4
Shields        | 3 4 |  4.3
Fighting       | 4 5 6 8 9 10 | 10.6
Invocations    | 1 4 6 7 |  7.7
Armour         | |  2.6

Action                     |  1- 3 |  4- 6 |  7- 9 | 10-12 || total
---------------------------+-------+-------+-------+-------++-------
  Melee: War axe           |    45 |       |       |    16 ||    61
         Flail             |    28 |    49 |       |       ||    77
         Falchion          |       |    90 |   222 |    69 ||   381
    Use: Potion            |       |     3 |       |       ||     3
         Scroll            |       |       |       |    15 ||    15
 Armour: Scale mail        |    52 |   110 |    98 |    43 ||   303
  Dodge: Dodged            |    44 |   115 |   124 |    45 ||   328
  Block: Buckler           |    28 |    50 |    74 |    46 ||   198

Table legend: (Time is in decaauts)
 A = Elapsed time spent in this place.
 B = Non-inter-level travel time spent in this place.
 C = Inter-level travel time spent in this place.
 D = Time resting spent in this place.
 E = Time spent auto-exploring this place.
 F = Levels seen in this place.
 G = Mean time per level.
                   A        B        C        D        E       F      G
               +--------+--------+--------+--------+--------+-----+--------+
         Total |   8070 |   7815 |    255 |    857 |   5185 |  10 |  807.0 |
       Dungeon |   8006 |   7751 |    255 |    857 |   5135 |   9 |  889.6 |
        Temple |     63 |     63 |      0 |      0 |     50 |   1 |   63.0 |
               +--------+--------+--------+--------+--------+-----+--------+

Top non-repeatable levels by time:
     D:2: 1594 daAuts
     D:5: 1016 daAuts
     D:8: 997 daAuts
     D:6: 994 daAuts
     D:3: 881 daAuts
     D:4: 747 daAuts
     D:7: 640 daAuts
     D:1: 596 daAuts
     D:9: 538 daAuts
  Temple: 63 daAuts
